 Dungeon Crawl Stone Soup version 0.20-a0-949-g916514f (webtiles) character file.

908 M4edhros the Covert (level 8, -3/51 HPs)
             Began as an Octopode Artificer on Apr 3, 2017.
             Slain by an ogre
             ... wielding a +0 giant spiked club
              (23 damage)
             ... on level 4 of the Dungeon.
             The game lasted 00:04:24 (3182 turns).

M4edhros the Covert (Octopode Artificer)            Turns: 3182, Time: 00:04:24

Health: -3/51      AC:  1    Str: 12    XL:     8   Next: 8%
Magic:  10/10      EV: 14    Int: 13    God:
Gold:   168        SH:  0    Dex: 14    Spells: 7/7 levels left

rFire    . . .     SeeInvis .   l - +1 flail (protect)
rCold    . . .     Gourm    .   (no shield)
rNeg     . . .     Faith    .   (helmet restricted)
rPois    .         Spirit   .   (no amulet)
rElec    .         Reflect  .   j - ring of wizardry
rCorr    .         Harm     .   (no ring)
MR       .....                  (no ring)
Stlth    ++++++....             (no ring)
Regen    0.2/turn               (no ring)
MPRegen  0.2/turn               (no ring)
                                (no ring)
                                (no ring)

@: no status effects
A: almost no armour, stealthy swim, amphibious, 8 rings, constrict 8, camouflage
1, gelatinous body 1
a: no special abilities


You were on level 4 of the Dungeon.
You were not hungry.

You visited 1 branch of the dungeon, and saw 6 of its levels.

You collected 168 gold pieces.

Inventory:

Hand Weapons
 a - a +0 short sword
 e - a +0 hunting sling
 l - a +1 flail of protection (weapon)
 o - a +0 blowgun
 w - a +0 dagger of flaming
Missiles
 p - 13 poisoned needles
Jewellery
 j - a ring of wizardry (left tentacle)
Wands
 b - a wand of flame (13/48)
 c - a wand of enslavement (8/24)
 d - a wand of random effects (2/48)
Scrolls
 h - 4 scrolls of identify {unknown}
 i - a scroll of fear {unknown}
 m - a scroll of amnesia {unknown}
 r - a scroll of blinking {unknown}
 u - a scroll of teleportation {unknown}
 v - a scroll of magic mapping {unknown}
Potions
 k - 2 potions of heal wounds {unknown}
 n - a potion of haste
 t - a potion of cancellation {unknown}
Comestibles
 f - a bread ration
 g - 2 royal jellies
 q - 3 fruits
 s - a meat ration


   Skills:
 + Level 2.7 Fighting
 - Level 1.0 Short Blades
 + Level 2.2 Slings
 + Level 3.2 Dodging
 + Level 10.8 Stealth
 - Level 3.2 Evocations


You had 7 spell levels left.
You didn't know any spells.

Dungeon Overview and Level Annotations

Branches:
Dungeon (6/15)
 Temple: D:4-7

Altars:
Dithmenos
Sif Muna
The Shining One

Annotations:
D:5 cirnu's ghost, novice DsGl


Innate Abilities, Weirdness & Mutations

You cannot wear most types of armour.
You are very stealthy in the water. (Stealth+)
You are amphibious.
You can wear up to eight rings at the same time.
You can use your tentacles to constrict eight enemies at once.
Your skin changes colour to match your surroundings (Stealth+).
Your rubbery body absorbs attacks. (AC +1, EV +1)


Message History

All of the chunks of flesh in your inventory have rotted away.
You now have 168 gold pieces (gained 9).
An ogre comes into view. It is wielding a giant spiked club.
An ogre is nearby!
The ogre is too close now for your liking.
An ogre is nearby!
The ogre shouts!
The ogre hits you with a giant spiked club!
Evoke which item? (* to show all) (? for menu, Esc to quit)
Aiming: Random Effects
Press: ? - help, Shift-Dir - straight line, f - ogre
Aim: an ogre, wielding a giant spiked club The ogre flickers and vanishes!
Deactivating autopickup; reactivate with Ctrl-A.
This wand has 2 charges left.
Something hits you!!
Evoke which item? (* to show all) (? for menu, Esc to quit)
Aiming: Enslavement
Press: ? - help, Shift-Dir - straight line, f - you Nothing appears to happen.
This wand has 8 charges left.
Something hits you!!
You die...

############## #............#
#.##########.# #.# #.#
#########.# #.# ..#.#
#.......#.# #.# #.#.###
#.......#.# #.#
#.#...#####....{..#.# #.#
#.........#.....@.#.## #.#
#...(.....#..........#########.#
..........#....................#
..........#......?#..#..####.###
..........#.......#......###.###
..#########.#+#+####.#.#.......#
............ ............#.###
.########## ..###.#.#####.###
......... .........>......#


There were no monsters in sight!

Vanquished Creatures
  An orc warrior (D:6)
  A water moccasin (D:6)
  A black bear (D:6)
  An ogre (D:6)
  A bullfrog (D:6)
  3 hounds
  A jelly (D:6)
  5 orc wizards (D:6)
  A worker ant (D:6)
  A worker ant zombie (D:5)
  5 adders
  An ooze (D:4)
  An adder skeleton (D:6)
  A worm (D:4)
  A dart slug (D:5)
  A leopard gecko (D:6)
  10 orcs
  A giant cockroach (D:1)
  3 hobgoblins
  4 jackals (D:3)
  A quokka (D:2)
  2 ball pythons
  A bat (D:1)
  A giant cockroach zombie (D:6)
  2 kobolds
  2 quokka skeletons
  3 rats
56 creatures vanquished.

Vanquished Creatures (collateral kills)
  An orc priest (D:6)
  An orc wizard (D:6)
  A howler monkey skeleton (D:6)
  An orc (D:3)
4 creatures vanquished.

Vanquished Creatures (others)
  Pikel (D:6)
  3 slaves (D:6)
  A centaur (D:6)
  A necrophage (D:6)
  An orc wizard (D:6)
  A worker ant (D:6)
  A hound zombie (D:6)
  An orc (D:3)
10 creatures vanquished.

Grand Total: 70 creatures vanquished

Notes
Turn   | Place    | Note
-------+----------+-------------------------------------------
     0 | D:1      | M4edhros the Octopode Artificer began the quest for the Orb.
     0 | D:1      | Reached XP level 1. HP: 13/13 MP: 3/3
    45 | D:1      | Reached skill level 2 in Stealth
   127 | D:2      | Reached skill level 3 in Stealth
   127 | D:2      | Reached XP level 2. HP: 18/18 MP: 4/4
   173 | D:3      | Reached skill level 4 in Stealth
   179 | D:3      | Reached XP level 3. HP: 1/23 MP: 5/5
   566 | D:3      | Found a shadowy altar of Dithmenos.
   960 | D:3      | Reached skill level 5 in Stealth
   973 | D:4      | Reached XP level 4. HP: 28/28 MP: 6/6
  1014 | D:4      | Reached skill level 6 in Stealth
  1079 | D:4      | Reached XP level 5. HP: 21/33 MP: 7/7
  1157 | D:4      | You fall through a shaft for 2 floors!
  1162 | D:6      | Reached skill level 7 in Stealth
  1181 | D:6      | Reached skill level 8 in Stealth
  1256 | D:6      | Reached XP level 6. HP: 28/38 MP: 8/8
  1310 | D:6      | Reached skill level 9 in Stealth
  1386 | D:6      | Noticed a water moccasin
  1406 | D:6      | Killed a water moccasin
  1406 | D:6      | Reached skill level 10 in Stealth
  1406 | D:6      | Reached XP level 7. HP: 39/43 MP: 9/9
  1541 | D:5      | Entered Level 5 of the Dungeon
  1712 | D:5      | Noticed cirnu's ghost (novice DsGl)
  1734 | D:6      | Noticed Pikel
  1742 | D:6      | HP: 2/43 [Pikel/whip of freezing (2)]
  1806 | D:6      | Killed Pikel
  2068 | D:6      | Killed a freed slave
  2220 | D:6      | Killed an orc warrior
  2220 | D:6      | Reached skill level 1 in Slings
  2825 | D:6      | Found a deep blue altar of Sif Muna.
  2913 | D:6      | Reached XP level 8. HP: 48/51 MP: 10/10
  3021 | D:5      | Found a glowing golden altar of the Shining One.
  3182 | D:4      | Slain by an ogre

Vault maps used:
D:1:      dpeg_arrival_round_c
D:2:      lemuel_doored_altar, chequers_temple_overflow_statue_of_worship,
          first_bread, kennysheep_crisscross
D:3:      nicolae_dithmenos_through_a_glass_darkly, nemelex_altar_shiori,
          marbit_many_paths, uniq_robin
D:4:      old_standard_altar
D:5:      overflow_temple_1_default, uniq_grinder, uniq_sigmund
D:6:      kennysheep_orc_sif_temple, uniq_pikel

Skill      XL: |  1  2  3  4  5  6  7 |
---------------+----------------------+-----
Stealth        | 3 4 5 6 8 10 | 10.8
Fighting       | 2 |  2.7
Slings         | 2 |  2.2
Dodging        | 3 |  3.2
Short Blades   | |  1.0
Evocations     | |  3.2

Action                   |  1- 3 |  4- 6 |  7- 9 || total
-------------------------+-------+-------+-------++-------
Melee: Short sword       |    25 |     2 |       ||    27
       Tentacles         |    13 |     5 |    15 ||    33
       Constrict         |    16 |     6 |    22 ||    44
       Flail             |    27 |    36 |    63 ||   126
Evoke: Wand              |     4 |       |    18 ||    22
  Use: Potion            |     1 |       |     1 ||     2
 Stab: Sleeping          |     5 |    10 |     3 ||    18
       Distracted        |     1 |       |       ||     1
  Eat: Chunk             |       |     1 |     6 ||     7
Armor: Skin              |    13 |     8 |    21 ||    42
Dodge: Dodged            |    32 |    28 |    52 ||   112
